 Dungeon Crawl Stone Soup version 0.29-a0-541-gaf1fc19f1b (webtiles) character file.

Game seed: 4616297302652846890

4913 MechDurjaeses the Nimble (level 10, 0/79 HPs)
             Began as a Gnoll Wanderer on June 3, 2022.
             Was an Elder of Okawaru.
             Slain by Urug
             ... wielding a +1 vorpal great sword
              (33 damage)
             ... on level 1 of the Lair of Beasts.
             The game lasted 00:49:15 (11202 turns).

MechDurjaeses the Nimble (Gnoll Wanderer)          Turns: 11202, Time: 00:49:16

Health: 0/79       AC: 10    Str:  7 (9)  XL:     10   Next: 51%
Magic:  21/21      EV: 16    Int: 10 (11) God:    Okawaru [****..]
Gold:   563        SH:  0    Dex: 19 (21) Spells: 7/23 levels left

rFire   . . .      SeeInvis .   a - +5 rapier (elec)
rCold   x . .      Faith    .   (no shield)
rNeg    . . .      Spirit   .   L - +0 leather armour of Mynin {rPois Will+ Dex+2}
rPois   +          Reflect  .   I - +1 helmet
rElec   +          Harm     +   (no cloak)
rCorr   +          Rampage  .   A - +0 pair of gloves
Will    ++...                   c - +2 pair of boots
Stlth   ++........              m - amulet of Lucidity {Harm Fly rC- Regen+ Dex+2}
HPRegen 1.03/turn               j - ring of wizardry
MPRegen 0.17/turn               K - ring of Ippai {rElec Will+ rCorr Int-2 Stlth+}

@: confused, ambrosia-drunk, flying, hasted, very quick
A: fangs 1, strong nose, distributed training
a: Renounce Religion, Heroism, Finesse


You were on level 1 of the Lair of Beasts.
You worshipped Okawaru.
Okawaru was greatly pleased with you.
You visited 3 branches of the dungeon, and saw 10 of its levels.

You collected 563 gold pieces.

Inventory:

Hand Weapons
 a - a +5 rapier of electrocution (weapon)
 r - a +0 hunting sling
 u - a +2 spear of venom
 y - a +2 mace of draining
 G - a +2 spear of freezing
Missiles
 n - 2 datura-tipped darts (quivered)
 z - 3 throwing nets
 H - 3 poisoned darts
 O - 3 boomerangs
Armour
 b - the +3 chain mail of Snakes and Ladders {Int+2}
   (You found it on level 7 of the Dungeon)

   Int:       It affects your intelligence (+2).
 c - a +2 pair of boots (worn)
 A - a +0 pair of gloves (worn)
 I - a +1 helmet (worn)
 L - the +0 leather armour of Mynin (worn) {rPois Will+ Dex+2}
   (You found it on level 6 of the Dungeon)

   Dex:       It affects your dexterity (+2).
   rPois:     It protects you from poison.
   Will:      It increases your willpower.
 N - the +1 robe of Xyvomuta {Will+}
   (You found it on level 6 of the Dungeon)

   Will:      It increases your willpower.
Magical Staves
 w - a staff of poison
Jewellery
 j - a ring of wizardry (left hand)
 m - the amulet of Lucidity (around neck) {Harm Fly rC- Regen+ Dex+2}
   (You acquired it on level 4 of the Dungeon)

   [amulet of regeneration]

   Dex:       It affects your dexterity (+2).
   rC:        It makes you vulnerable to cold.
   Fly:       It grants you flight.
   Regen:     It increases your rate of health regeneration.
   Harm:      It increases damage dealt and taken.
 x - a ring of ice
 D - an amulet of the acrobat
 K - the ring of Ippai (right hand) {rElec Will+ rCorr Int-2 Stlth+}
   (You found it on level 6 of the Dungeon)

   [ring of willpower]

   Int:       It affects your intelligence (-2).
   rElec:     It insulates you from electricity.
   rCorr:     It protects you from acid and corrosion.
   Will:      It increases your willpower.
   Stlth:     It makes you more stealthy.
Wands
 i - a wand of digging (2)
 p - a wand of polymorph (1)
 C - a wand of flame (3)
 Q - a wand of iceblast (9)
Scrolls
 d - 3 scrolls of teleportation
 q - 2 scrolls of fog
 v - a scroll of poison
 E - a scroll of immolation
Potions
 e - a potion of might {unknown}
 g - 2 potions of degeneration
 h - 3 potions of flight
 l - a potion of berserk rage
 o - a potion of mutation
 s - a potion of ambrosia
 t - 5 potions of curing
 F - 2 potions of lignification {unknown}
 J - a potion of attraction {unknown}
 P - a potion of brilliance {unknown}


   Skills:
 + Level 7.1 Fighting
 + Level 5.3 Short Blades
 + Level 5.3 Long Blades
 + Level 5.3 Axes
 + Level 5.3 Maces & Flails
 + Level 5.3 Polearms
 + Level 5.3 Staves
 + Level 5.3 Slings
 + Level 5.3 Bows
 + Level 5.3 Crossbows
 + Level 5.3 Throwing
 + Level 5.3 Armour
 + Level 8.5 Dodging
 + Level 5.3 Stealth
 + Level 5.3 Shields
 + Level 7.1 Unarmed Combat
 + Level 7.4 Spellcasting
 + Level 4.4 Conjurations
 + Level 4.4 Hexes
 + Level 4.4 Summonings
 + Level 4.4 Necromancy
 + Level 5.0 Translocations
 + Level 4.4 Transmutations
 + Level 4.4 Fire Magic
 + Level 4.4 Ice Magic
 + Level 4.4 Air Magic
 + Level 4.4 Earth Magic
 + Level 4.4 Poison Magic
 + Level 5.9 Invocations
 + Level 5.3 Evocations


You had 7 spell levels left.
You knew the following spells:

 Your Spells              Type           Power      Damage    Failure   Level
a - Apportation           Tloc           26%        N/A       1%          1
b - Tukima's Dance        Hex            12%        N/A       4%          3
c - Portal Projectile     Hex/Tloc       26%        N/A       4%          3
e - Necrotize             Necr           48%        1d6       1%          1
f - Static Discharge      Conj/Air       12%        N/A       2%          2
g - Lesser Beckoning      Tloc           13%        N/A       4%          3
h - Stone Arrow           Conj/Erth      24%        3d8       4%          3

Your spell library contained the following spells:

 Spells                   Type           Power      Damage    Failure   Level
 Dispel Undead            Necr           12%        3d9       16%         4
 Sticky Flame             Conj/Fire      12%        2d4       16%         4
 Blade Hands              Tmut           6%         N/A       41%         5
 Lehudib's Crystal Spear  Conj/Erth      6%         10d3      100%        8
 Summon Small Mammal      Summ           Unusable   N/A       N/A         1
 Call Canine Familiar     Summ           Unusable   N/A       N/A         3
 Summon Guardian Golem    Hex/Summ       Unusable   N/A       N/A         3
 Animate Armour           Summ/Erth      Unusable   N/A       N/A         4

Dungeon Overview and Level Annotations

Branches:
Dungeon (8/15)             Temple (1/1) D:7            Lair (1/6) D:8

Altars:
Ashenzari
Cheibriados
Dithmenos
Elyvilon
Fedhas
Gozag
Hepliaklqana
Kikubaaqudgha
Makhleb
Nemelex Xobeh
Okawaru
Qazlal
Ru
Sif Muna
Trog
Uskayaw
Vehumet
Wu Jian
Xom
Yredelemnul
Zin
The Shining One

Shops:
D:1 *

Annotations:
Lair:1 Urug


Innate Abilities, Weirdness & Mutations

You have very sharp teeth.
Your uncanny sense of smell can sniff out nearby items.
Your experience applies equally to all skills.


Message History

You feel much better. Urug closely misses you.
You hit Urug.
Urug is moderately wounded.
A nearby fungus withers and dies.
Urug hits you with a +1 vorpal great sword!!
You feel yourself speed up.
Urug hits you with a +1 vorpal great sword!!
* * * LOW HITPOINT WARNING * * *
x2 Urug throws a silver javelin.
The silver javelin closely misses you.
You feel much better.
Throw: 2 darts (atropa)
Press: ? - help, Q - select action, (/) - cycle Shift-Dir - straight line, f/p - Urug
Aim: Urug, wielding a +1 vorpal great sword, wearing a +0 chain mail and quivering silver javelins (moderately wounded, 64% to hit, chance to blind on hit: 38%)
You throw an atropa-tipped dart. The atropa-tipped dart hits Urug.
Urug resists.
Urug is moderately wounded.
Throw: dart (atropa)
Press: ? - help, Q - select action, (/) - cycle Shift-Dir - straight line, f/p - Urug
Aim: Urug, wielding a +1 vorpal great sword, wearing a +0 chain mail and quivering silver javelins (moderately wounded, 64% to hit, chance to blind on hit: 32%)
You throw an atropa-tipped dart.
The atropa-tipped dart closely misses Urug.
Urug throws a silver javelin.
The silver javelin misses you.
Urug throws a silver javelin.
The silver javelin pierces through you!
* * * LOW HITPOINT WARNING * * *
Unknown command.
The air fills with toxic fumes!
As you read the scroll of poison, it crumbles to dust.
Unknown command.
Urug is engulfed in poison gas.
Urug is poisoned.
It was a potion of degeneration.
There was something very wrong with that liquid.
You feel weakened.
You feel dopey.
You feel clumsy.
Urug is engulfed in poison gas.
Urug looks even sicker.
Urug squints and screams, "I know a harpy when I see one!"
You are confused.
You feel invigorated.
You are too injured to fight recklessly!
Urug looks even sicker.
Urug hits you with a +1 vorpal great sword!!
You die...

........##...........#
#...... ........
##..§§§§§§§§## #.....#
....... #...§§§§§§§§#
#.....# .......
###.#§§§§§§####
#.....# ##...
###§§§§.§§§.# ####.##
##§§§§§§#..... .[.
#§§§§§§§# ...# .#..#
#§§§o§§§# ........Y
#####§@.§§§# .#. ....
#§§§§§§§§§§# .. Y...
#§§§§§###§§§§# .#
.#.## ##§§§.# #§§§§#
#§§..P #§§§## #§....
#§§§§# #....###§§§##
#....# §§§# #....#


You could see Urug (very poisoned).

Vanquished Creatures
  A rime drake (Lair:1)
  Prince Ribbit (D:6)
  A polar bear (Lair:1)
  Sigmund (D:6)
  A wyvern (D:7)
  8 yaks (Lair:1)
  A steam dragon (D:8)
  3 water moccasins
  2 sky beasts (D:7)
  An ice beast (D:7)
  A black bear (D:6)
  An ogre (D:5)
  A kobold brigand (D:7)
  Blork the orc (D:6)
  2 gnoll sergeants (D:8)
  2 bullfrogs (D:7)
  2 scorpions (D:5)
  A necrophage (D:6)
  4 wights (D:8)
  2 howler monkeys
  6 orc priests
  7 hounds
  A jelly (D:6)
  A gnoll shaman (D:5)
  3 iguanas
  2 orc wizards
  5 adders
  30 gnolls
  A shadow imp (D:5)
  2 white imps
  3 ufetubi
  2 worms (D:2)
  3 dart slugs
  20 orcs
  9 ball pythons
  12 endoplasms
  3 giant cockroaches
  13 goblins
  10 hobgoblins
  2 jackals (D:3)
  3 quokkas
  7 bats
  5 frilled lizards
  12 kobolds
  6 rats
205 creatures vanquished.

Vanquished Creatures (collateral kills)
  2 gnolls (D:2)
2 creatures vanquished.

Vanquished Creatures (others)
  4 dancing weapons
  3 fungi (Lair:1)
7 creatures vanquished.

Grand Total: 214 creatures vanquished

Notes
Turn   | Place    | Note
-------+----------+-------------------------------------------
     0 | D:1      | MechDurjaeses the Gnoll Wanderer began the quest for the
                  | Orb.
     0 | D:1      | MechDurjaeses set off with the following items: a +0
                  | dagger, a scroll of fear, a +0 pair of boots, a scroll of
                  | teleportation, a +0 robe, a potion of haste; and the
                  | following spell memorised: Apportation; and the following
                  | spells available to memorise: Lesser Beckoning
     0 | D:1      | Reached XP level 1. HP: 20/20 MP: 6/6
   380 | D:1      | Reached XP level 2. HP: 15/26 MP: 7/7
   679 | D:1      | You fall into a shaft and drop 1 floor!
  1091 | D:2      | Reached XP level 3. HP: 20/31 MP: 9/9
  1225 | D:1      | Reached skill level 5 in Spellcasting
  1656 | D:1      | Found Qiparhou's General Store.
  2196 | D:2      | Reached skill level 1 in Invocations
  2823 | D:2      | Reached skill level 1 in Short Blades
  2823 | D:2      | Reached skill level 1 in Long Blades
  2823 | D:2      | Reached skill level 1 in Axes
  2823 | D:2      | Reached skill level 1 in Maces & Flails
  2823 | D:2      | Reached skill level 1 in Polearms
  2823 | D:2      | Reached skill level 1 in Staves
  2823 | D:2      | Reached skill level 1 in Slings
  2823 | D:2      | Reached skill level 1 in Bows
  2823 | D:2      | Reached skill level 1 in Crossbows
  2823 | D:2      | Reached skill level 1 in Throwing
  2823 | D:2      | Reached skill level 1 in Armour
  2823 | D:2      | Reached skill level 1 in Stealth
  2823 | D:2      | Reached skill level 1 in Shields
  2823 | D:2      | Reached skill level 1 in Evocations
  3200 | D:2      | Reached XP level 4. HP: 9/38 MP: 11/11
  3482 | D:2      | Learned a level 3 spell: Tukima's Dance
  3985 | D:2      | Found a faded altar of an unknown god.
  4121 | D:2      | Learned a level 3 spell: Portal Projectile
  4134 | D:2      | Reached skill level 1 in Conjurations
  4134 | D:2      | Reached skill level 1 in Hexes
  4134 | D:2      | Reached skill level 1 in Summonings
  4134 | D:2      | Reached skill level 1 in Necromancy
  4134 | D:2      | Reached skill level 1 in Transmutations
  4134 | D:2      | Reached skill level 1 in Fire Magic
  4134 | D:2      | Reached skill level 1 in Ice Magic
  4134 | D:2      | Reached skill level 1 in Air Magic
  4134 | D:2      | Reached skill level 1 in Earth Magic
  4134 | D:2      | Reached skill level 1 in Poison Magic
  4641 | D:3      | Reached XP level 5. HP: 43/43 MP: 12/12
  5003 | D:3      | Learned a level 1 spell: Summon Small Mammal
  5357 | D:3      | Learned a level 1 spell: Necrotize
  5693 | D:3      | Reached XP level 6. HP: 18/50 MP: 13/13
  5947 | D:4      | Reached skill level 5 in Fighting
  5947 | D:4      | Reached skill level 5 in Unarmed Combat
  6432 | D:4      | Reached XP level 7. HP: 47/56 MP: 15/15
  6596 | D:4      | Identified a scroll of acquirement
  6596 | D:4      | Acquired the amulet of Lucidity {Harm Fly rC- Regen+ Dex+2}
  6722 | D:4      | Found an iron altar of Okawaru.
  6734 | D:4      | Reached skill level 7 in Dodging
  6785 | D:4      | Became a worshipper of Warmaster Okawaru
  6934 | D:5      | Entered Level 5 of the Dungeon
  6948 | D:5      | Learned a level 2 spell: Static Discharge
  6952 | D:5      | Learned a level 3 spell: Lesser Beckoning
  7239 | D:5      | Reached XP level 8. HP: 60/63 MP: 16/16
  7883 | D:6      | Reached * piety under Okawaru
  7986 | D:6      | Noticed Sigmund
  8007 | D:6      | Killed Sigmund
  8051 | D:6      | Noticed Prince Ribbit
  8067 | D:6      | Killed Prince Ribbit
  8067 | D:6      | Reached ** piety under Okawaru
  8068 | D:6      | Reached XP level 9. HP: 69/69 MP: 18/18
  8183 | D:6      | Identified the ring of Ippai {rElec Will+ rCorr Int-2
                  | Stlth+}
  8198 | D:6      | Noticed Blork the orc
  8206 | D:6      | Killed Blork the orc
  8364 | D:6      | Identified the +0 leather armour of Mynin {rPois Will+
                  | Dex+2}
  8457 | D:6      | Identified the +1 robe of Xyvomuta {Will+}
  8471 | D:6      | Learned a level 3 spell: Stone Arrow
  8872 | D:7      | Reached *** piety under Okawaru
  8956 | D:7      | Identified the +3 chain mail of Snakes and Ladders {Int+2}
  8974 | D:7      | Reached skill level 8 in Dodging
  9113 | D:7      | Found a staircase to the Ecumenical Temple.
  9122 | Temple   | Entered the Ecumenical Temple
  9807 | D:8      | Reached skill level 5 in Invocations
 10155 | D:8      | Found a staircase to the Lair.
 10214 | D:8      | Noticed a seven-headed hydra
 10403 | D:8      | Reached XP level 10. HP: 75/76 MP: 7/20
 10812 | Lair:1   | Entered Level 1 of the Lair of Beasts
 10904 | Lair:1   | Reached skill level 5 in Short Blades
 10904 | Lair:1   | Reached skill level 5 in Long Blades
 10904 | Lair:1   | Reached skill level 5 in Axes
 10904 | Lair:1   | Reached skill level 5 in Maces & Flails
 10904 | Lair:1   | Reached skill level 5 in Polearms
 10904 | Lair:1   | Reached skill level 5 in Staves
 10904 | Lair:1   | Reached skill level 5 in Slings
 10904 | Lair:1   | Reached skill level 5 in Bows
 10904 | Lair:1   | Reached skill level 5 in Crossbows
 10904 | Lair:1   | Reached skill level 5 in Throwing
 10904 | Lair:1   | Reached skill level 5 in Armour
 10904 | Lair:1   | Reached skill level 5 in Stealth
 10904 | Lair:1   | Reached skill level 5 in Shields
 10904 | Lair:1   | Reached skill level 5 in Evocations
 11036 | Lair:1   | Reached **** piety under Okawaru
 11045 | Lair:1   | Noticed Urug
 11152 | Lair:1   | Reached skill level 5 in Translocations
 11202 | Lair:1   | Slain by Urug

Illustrated notes

Levels and vault maps discovered:
D:1:      kilobyte_arrival_exit_the_forest, layout_basic, serial_shops,
          shop_fountains, kennysheep_crisscross, interstate_on_off
D:2:      layout_rooms, ebering_ecumenical_altar_box
D:3:      layout_rooms
D:4:      layout_basic, okawaru_altar_gauntlet_db
D:5:      layout_loops_ring
D:6:      layout_loops_ring, uniq_sigmund, uniq_prince_ribbit1,
          uniq_blork_the_orc
D:7:      layout_basic, minmay_temple_entry_hall, grunt_ministairs_15
D:8:      layout_basic, lair_entry_dummy, kennysheep_path_1
Temple:   mainiacjoe_temple_trianglar_array
Lair:1:   lemuel_slime, layout_cellular_growth, columned_hall_lemuel,
          infiniplex_staircase_pool_2, uniq_urug, uniq_amaemon

Skill      XL: |  1  2  3  4  5  6  7  8  9 10 |
---------------+-------------------------------+-----
Translocations | 2 3 4 5 |  5.0
Spellcasting   | 5 6 7 |  7.4
Invocations    | 1 2 3 4 5 |  5.9
Short Blades   | 1 2 3 4 5 |  5.3
Long Blades    | 1 2 3 4 5 |  5.3
Axes           | 1 2 3 4 5 |  5.3
Maces & Flails | 1 2 3 4 5 |  5.3
Polearms       | 1 2 3 4 5 |  5.3
Staves         | 1 2 3 4 5 |  5.3
Slings         | 1 2 3 4 5 |  5.3
Bows           | 1 2 3 4 5 |  5.3
Crossbows      | 1 2 3 4 5 |  5.3
Throwing       | 1 2 3 4 5 |  5.3
Armour         | 1 2 3 4 5 |  5.3
Stealth        | 1 2 3 4 5 |  5.3
Shields        | 1 2 3 4 5 |  5.3
Evocations     | 1 2 3 4 5 |  5.3
Conjurations   | 1 2 3 4 |  4.4
Hexes          | 1 2 3 4 |  4.4
Summonings     | 1 2 3 4 |  4.4
Necromancy     | 1 2 3 4 |  4.4
Transmutations | 1 2 3 4 |  4.4
Fire Magic     | 1 2 3 4 |  4.4
Ice Magic      | 1 2 3 4 |  4.4
Air Magic      | 1 2 3 4 |  4.4
Earth Magic    | 1 2 3 4 |  4.4
Poison Magic   | 1 2 3 4 |  4.4
Fighting       | 5 6 7 |  7.1
Unarmed Combat | 5 6 7 |  7.1
Dodging        | 7 8 |  8.5

Action                   |  1- 3 |  4- 6 |  7- 9 | 10-12 || total
-------------------------+-------+-------+-------+-------++-------
Melee: Dagger            |   203 |    26 |       |       ||   229
       Bite              |    20 |    34 |    18 |     8 ||    80
       Punch             |     5 |     8 |     4 |     5 ||    22
       Short sword       |       |    70 |       |       ||    70
       Halberd           |       |    76 |       |       ||    76
       Spear             |       |    94 |    11 |       ||   105
       Rapier            |       |    11 |   220 |    49 ||   280
 Fire: Hunting sling     |    23 |    23 |       |       ||    46
Throw: Dart              |     5 |     2 |       |     2 ||     9
 Cast: Tukima's Dance    |       |     7 |       |       ||     7
       Necrotize         |       |     5 |       |       ||     5
       Apportation       |       |     1 |       |       ||     1
       Lesser Beckoning  |       |       |     3 |       ||     3
       Stone Arrow       |       |       |    14 |     5 ||    19
Evoke: Wand              |       |       |     2 |       ||     2
  Use: Potion            |     2 |       |     1 |     5 ||     8
       Scroll            |     1 |     5 |    18 |     3 ||    27
 Stab: Sleeping          |     1 |     2 |    11 |     2 ||    16
       Invisible         |     1 |       |       |       ||     1
       Distracted        |       |       |       |     1 ||     1
Armor: Robe              |    34 |    21 |       |       ||    55
       Ring mail         |       |    62 |    53 |       ||   115
       Leather armour    |       |       |    12 |     6 ||    18
Dodge: Dodged            |   179 |   232 |   160 |    39 ||   610

Table legend: (Time is in decaauts)
 A = Elapsed time spent in this place.
 B = Non-inter-level travel time spent in this place.
 C = Inter-level travel time spent in this place.
 D = Time resting spent in this place.
 E = Time spent auto-exploring this place.
 F = Levels seen in this place.
 G = Mean time per level.
                   A        B        C        D        E       F      G
               +--------+--------+--------+--------+--------+-----+--------+
         Total |  11259 |  10501 |    758 |   2747 |   5545 |  10 | 1125.9 |
       Dungeon |  10473 |   9753 |    720 |   2701 |   4990 |   8 | 1309.1 |
        Temple |    405 |    383 |     22 |      0 |    379 |   1 |  405.0 |
          Lair |    380 |    364 |     16 |     46 |    176 |   1 |  380.0 |
               +--------+--------+--------+--------+--------+-----+--------+

Top non-repeatable levels by time:
     D:1: 2449 daAuts
     D:2: 2085 daAuts
     D:3: 1440 daAuts
     D:4: 1022 daAuts
     D:7: 930 daAuts
     D:5: 926 daAuts
     D:8: 918 daAuts
     D:6: 700 daAuts
  Temple: 405 daAuts
  Lair:1: 380 daAuts
